AoeStats
← xctrackrunner2222

Arabia

510205988Analyzed
1v1 RM · 20h ago on Sep 29, 2026· 45m 18s· 2 players
Game mode
Random Map
Map size
Tiny (2 player)
Population
200
Speed
Normal
Resources
Standard
Victory
Conquest
Starting age
Dark Age
Ending age
Imperial Age
RankedLock teamsTeams togetherTeam positionsShared explorationLock speedFull tech treeHidden civsTurbo modeCheats
Victory
Defeat
🇲🇽 Bulgarians · Mexico
1115
+16
🇺🇸 Armenians · United States
1105
-16
xctrackrunner2222
3:53 Loom
11:44 Feudal Age
11:55 Man-at-Arms
13:04 Double-Bit Axe
12:41 Long Swordsman
18:23 Horse Collar
19:30 Pikeman
22:48 Gold Mining
22:48 Arson
24:25 Fletching
26:59 Castle Age
25:26 Town Watch
27:58 Wheelbarrow
27:58 Padded Archer Armor
28:26 Squires
28:31 Elite Skirmisher
29:56 Bow Saw
29:52 Scale Mail Armor
31:14 Bodkin Arrow
32:21 Halberdier
33:18 Chain Mail Armor
36:26 Heavy Plow
38:06 Hand Cart
37:55 Town Watch
38:52 Forging
38:58 Leather Archer Armor
40:26 Gold Shaft Mining
39:44 Stone Mining
42:16 Iron Casting
45:14 Imperial Age
Lord_Karlitus
6:33 Loom
8:54 Feudal Age
9:23 Double-Bit Axe
22:20 Castle Age
20:49 Fletching
20:50 Horse Collar
22:30 Bloodlines
22:36 Forging
22:51 Scale Barding Armor
24:34 Elite Skirmisher
26:21 Iron Casting
26:46 Husbandry
27:45 Gold Mining
30:56 Chain Barding Armor
33:01 Wheelbarrow
37:40 Imperial Age
35:42 Ballistics
36:29 Thumb Ring
36:25 Padded Archer Armor
37:45 Cavalier
39:27 Blast Furnace
39:16 Bow Saw
40:38 Plate Barding Armor
41:42 Chemistry
40:39 Bodkin Arrow
41:11 Hand Cart
43:24 Town Watch
43:56 Redemption
45:13 Bracer
46:21 Gold Shaft Mining
Connection lost

Rejoining the realm…

Still unreachable

The connection could not be restored.

Session expired

The server has moved on; the page needs a fresh start.